 Dungeon Crawl Stone Soup version 0.30-a0-777-ga9a30cbeda (webtiles) character file.

Game seed: 17345452868260439598

161 Aneyh the Fighter (level 5, -11/45 HPs)
             Began as a Tengu Monk on Feb 15, 2023.
             Mangled by a centaur
             ... wielding a +0 hand axe
              (12 damage)
             ... on level 3 of the Dungeon.
             The game lasted 00:05:17 (1397 turns).

Aneyh the Fighter (Tengu Monk)                      Turns: 1397, Time: 00:05:17

Health: -11/45     AC:  2    Str: 14    XL:     5   Next: 42%
Magic:  6/6        EV: 16    Int: 10    God:
Gold:   165        SH:  0    Dex: 16    Spells: 4/4 levels left

rFire   . . .      SeeInvis .    a - +0 spear
rCold   . . .      Faith    .    (no shield)
rNeg    . . .      Spirit   .    b - +0 robe
rPois   .          Reflect  .    (helmet restricted)
rElec   .          Harm     .    (no cloak)
rCorr   .          Rampage  .    (no gloves)
Will    .....                    (boots unavailable)
Stlth   ++                       (no amulet)
HPRegen 0.27/turn                (no ring)
MPRegen 0.10/turn                (no ring)

@: flying quickly and evasively, quick
A: beak, talons 3, nimble flight
a: no special abilities


You were on level 3 of the Dungeon.
You visited 1 branch of the dungeon, and saw 4 of its levels.

You collected 165 gold pieces.

Inventory:

Hand Weapons
 a - a +0 spear (weapon)
 i - a +0 war axe
Missiles
 j - 2 poisoned darts (quivered)
Armour
 b - a +0 robe (worn)
Scrolls
 e - 2 scrolls of identify {unknown}
 f - a scroll of enchant armour {unknown}
 g - a scroll of magic mapping {unknown}
 h - 4 scrolls of amnesia {unknown}
 k - a scroll of poison {unknown}
 l - a scroll of enchant weapon {unknown}
Potions
 d - a potion of experience
 m - a potion of magic
 n - a potion of curing {unknown}


   Skills:
 + Level 11.9 Fighting
 + Level 4.2 Polearms
 + Level 3.9 Dodging
 + Level 2.7 Stealth


You had 4 spell levels left.
You didn't know any spells.
Your spell library contained the following spells:

 Spells                   Type           Power      Damage    Failure   Level
 Cigotuvi's Dreadful Rot  Necr/Pois/Air  0%         N/A       50%         2
 Dispel Undead            Necr           0%         3d6       98%         4
 Death Channel            Necr           0%         N/A       100%        6
 Malign Gateway           Summ/Tloc      0%         N/A       100%        7
 Summon Horrible Things   Summ           0%         N/A       100%        8


Dungeon Overview and Level Annotations

Branches:
Dungeon (4/15)
 Temple: D:4-7

Altars:
Okawaru

Shops:
D:2 !


Innate Abilities, Weirdness & Mutations

You have a beak for a mouth.
You have claws for feet.
Your magical nature lets you fly swiftly and evasively.


Message History

You feel sick.
You are no longer poisoned.
You feel less invigorated.
You feel less confused. The black bear barely misses you.
The black bear completely misses you. The black bear misses you.
There is an escape hatch in the ceiling here.
A mysterious force pulls you upwards. The hatch slams shut behind you.
The ball python hisses angrily.
You reach to attack!
You hit the ball python.
The ball python is severely wounded.
You hit the ball python.
You kill the ball python!
No target in view!
A centaur comes into view. It is wielding a +0 hand axe.
A centaur is nearby!
A centaur is nearby!
The centaur shouts!
The centaur unwields a +0 hand axe.
The centaur wields a +0 shortbow.
The centaur shoots an arrow.
The arrow hits you!
Found a scroll labelled UWKUGU TOQEGYBIL.
The centaur shoots an arrow.
The arrow hits you!
You are too injured to fight recklessly!
The centaur shoots an arrow.
The arrow barely misses you.
You barely miss the centaur. You claw the centaur.
The centaur is lightly wounded.
The centaur unwields a +0 shortbow.
The centaur wields a +0 hand axe.
The centaur hits you with a +0 hand axe!
* * * LOW HITPOINT WARNING * * *
The centaur kicks you.
* * * LOW HITPOINT WARNING * * *
You hit the centaur. You claw the centaur, but do no damage.
The centaur is moderately wounded.
The centaur hits you with a +0 hand axe!
* * * LOW HITPOINT WARNING * * *
The centaur kicks you but does no damage.
It was a potion of magic.
Magic courses through your body. The centaur barely misses you.
The centaur closely misses you.
The centaur hits you with a +0 hand axe!
You die...

....... #.....## #
#...... #.
#.....####
#..#.?...#..# ##
+#######
#........#..#..
........
#........#...
....⌠...
#....c@###.## .
.)......
#...........##....
'######
#.###.............
..#...#
##########....
8.'.<.# . ..#...#
'###### .)# <.#


You could see a centaur.

Vanquished Creatures
  2 gnolls
  An adder (D:4)
  2 dart slugs
  7 bats
  6 endoplasms
  7 goblins
  2 hobgoblins
  3 jackals (D:1)
  2 quokkas
  5 ball pythons
  6 frilled lizards
  2 kobolds (D:1)
  A rat (D:2)
46 creatures vanquished.

Notes
Turn   | Place    | Note
-------+----------+-------------------------------------------
     0 | D:1      | Aneyh the Tengu Monk began the quest for the Orb.
     0 | D:1      | Reached XP level 1. HP: 14/14 MP: 2/2
   112 | D:1      | Reached XP level 2. HP: 18/19 MP: 3/3
   218 | D:1      | Found a faded altar of an unknown god.
   298 | D:1      | Reached XP level 3. HP: 22/23 MP: 4/4
   990 | D:2      | Found an iron altar of Okawaru.
  1088 | D:2      | Found Qoam's Distillery.
  1153 | D:2      | Reached XP level 4. HP: 19/28 MP: 5/5
  1304 | D:2      | You fall into a shaft and drop 2 floors!
  1353 | D:4      | Noticed a black bear
  1364 | D:4      | Reached skill level 11 in Fighting
  1364 | D:4      | Gained mutation: Your magical nature lets you fly swiftly
                  | and evasively. [Tengu growth]
  1364 | D:4      | Reached XP level 5. HP: 29/45 MP: 6/6
  1391 | D:3      | Noticed a centaur
  1396 | D:3      | HP: 1/45 [centaur/+0 hand axe (7)]
  1397 | D:3      | Mangled by a centaur

Illustrated notes

Levels and vault maps discovered:
D:1:      dpeg_arrival_shelter, layout_basic, shapermc_ecumenical_altar_venn,
          minmay_door_square, st_stairs_7, minmay_lizard_pond
D:2:      layout_basic, basic_altar, serial_shops, shop, serial_park_tiny_1
D:3:      layout_basic, nicolae_elevator_lobby_plus
D:4:      layout_cave_pools

Skill      XL: |  1  2  3  4 |
---------------+-------------+-----
Polearms       | 4 |  4.2
Fighting       | 11 | 11.9
Dodging        | |  3.9
Stealth        | |  2.7

Action                     |  1- 3 |  4- 6 || total
---------------------------+-------+-------++-------
  Melee: Spear             |    91 |    19 ||   110
         Kick              |    18 |     4 ||    22
         Peck              |     9 |     3 ||    12
    Use: Potion            |       |     3 ||     3
   Stab: Sleeping          |     9 |       ||     9
 Armour: Robe              |     4 |     2 ||     6
  Dodge: Dodged            |    36 |    19 ||    55

Table legend: (Time is in decaauts)
 A = Elapsed time spent in this place.
 B = Non-inter-level travel time spent in this place.
 C = Inter-level travel time spent in this place.
 D = Time resting spent in this place.
 E = Time spent auto-exploring this place.
 F = Levels seen in this place.
 G = Mean time per level.
                   A        B        C        D        E       F      G
               +--------+--------+--------+--------+--------+-----+--------+
         Total |   1385 |   1342 |     43 |     63 |    974 |   4 |  346.2 |
       Dungeon |   1385 |   1342 |     43 |     63 |    974 |   4 |  346.2 |
               +--------+--------+--------+--------+--------+-----+--------+

Top non-repeatable levels by time:
     D:1: 952 daAuts
     D:2: 259 daAuts
     D:3: 101 daAuts
     D:4: 71 daAuts
